Map: Ascension to Aiur LE

Players

Juxtapose

  • Race: Protoss Protoss
  • League: Gold
  • Spawn Location: 5:00

Bostonmaru - Winner!

  • Race: Terran Terran
  • League: Gold
  • Spawn Location: 11:00

VOD

https://youtu.be/Wq3rmRUSrDQ

Description

My opponent really, really out macroed me. I honestly thought Tempests would have been the answer, but the truth is I should have expanded more earlier, gotten more resources, and massed more Stalkers and Void Rays.

Well, all you can do is learn and try to apply what you've learned. Lately though, aside from the fact that I'm on a horrible seven game loosing streak, it seems my Gold level opponents are more skilled than some Platinum League opponents I was beating a month ago!

Time

  • Played on: Nov. 1, 2017, 8:45 p.m.
  • Length: 17:21
Show
View Real Time Build Order
Export as new Build Order

Juxtapose Protoss 

Build Orders: Oracle Opening 

Get SALT Encoding   

  12  0:01  Probe (Chrono Boost)  
  13  0:12  Probe (Chrono Boost)  
  14  0:20  Pylon  
  14  0:22  Probe (Chrono Boost)  
  15  0:39  Probe (Chrono Boost)  
  15  0:40  Gateway  
  16  0:49  Probe (Chrono Boost)  
  17  0:53  Assimilator  
  17  0:58  Assimilator  
  17  1:00  Probe (Chrono Boost)  
  18  1:10  Probe (Chrono Boost)  
  19  1:11  Pylon  
  19  1:21  Probe (Chrono Boost)  
  20  1:30  Cybernetics Core  
  20  1:31  Probe (Chrono Boost)  
  21  1:35  Zealot  
  23  1:43  Probe (Chrono Boost)  
  24  1:53  Probe (Chrono Boost)  
  25  2:08  Warp Gate (Chrono Boost)  
  25  2:14  Mothership Core (Chrono Boost)  
  27  2:19  Pylon  
  27  2:25  Stargate  
  27  2:29  Pylon  
  27  3:12  Probe (Chrono Boost), Oracle (Chrono Boost)  
  30  3:22  Gateway  
  30  3:24  Forge  
  30  3:41  Nexus  
  30  3:43  Pylon  
  30  3:48  Pylon  
  30  3:51  Pylon  
  30  4:07  Photon Cannon  
  30  4:10  Twilight Council  
  30  4:23  Protoss Ground Weapons Level 1  
  27  4:26  Void Ray  
  31  4:40  Photon Cannon  
  31  4:42  Probe  
  32  4:54  Probe  
  32  4:55  Probe  
  34  5:05  Probe  
  35  5:08  Probe  
  35  5:09  Robotics Facility  
  36  5:23  Probe  
  36  5:24  Probe  
  38  5:29  Adept  
  38  5:31  Adept  
  38  5:33  Probe  
  43  5:36  Probe  
  44  5:44  Probe  
  44  5:47  Pylon  
  44  5:49  Probe  
  46  5:55  Probe  
  46  5:56  Stalker  
  49  5:57  Stalker  
  51  6:05  Probe  
  51  6:07  Probe  
  53  6:14  Resonating Glaives  
  50  6:25  Probe  
  46  6:35  Probe  
  46  6:36  Probe  
  48  6:41  Robotics Bay  
  48  6:46  Void Ray (Chrono Boost), Probe  
  52  6:47  Probe  
  52  6:48  Protoss Ground Armor Level 1  
  52  6:52  Adept  
  56  6:57  Probe  
  56  6:59  Probe  
  58  7:06  Observer  
  58  7:07  Probe  
  60  7:18  Pylon, Probe  
  60  7:19  Probe  
  60  7:20  Gateway  
  60  7:21  Gateway  
  62  7:24  Assimilator  
  62  7:25  Assimilator  
  62  7:31  Probe  
  63  7:40  Probe  
  63  7:43  Probe  
  65  7:46  Extended Thermal Lance  
  65  7:58  Colossus (Chrono Boost)  
  65  8:03  Probe  
  72  8:09  Stalker  
  72  8:10  Stalker  
  76  8:14  Probe  
  77  8:32  Void Ray (Chrono Boost)  
  81  9:00  Nexus  
  81  9:12  Void Ray (Chrono Boost)  
  85  9:20  Warp Prism  
  85  9:21  Stalker x2  
  85  9:22  Stalker x2  
  93  9:53  Void Ray (Chrono Boost)  
  93  9:54  Blink  
  89  10:18  Probe  
  90  10:22  Pylon, Probe  
  90  10:23  Probe  
  90  10:24  Pylon  
  90  10:27  Pylon  
  92  10:29  Stalker x3, Probe  
  92  10:30  Void Ray (Chrono Boost), Stalker  
  105  10:37  Warp Prism  
  107  10:47  Photon Cannon  
  107  10:59  Stalker  
  107  11:00  Stalker x3  
  115  11:06  Assimilator  
  115  11:07  Void Ray (Chrono Boost)  
  119  11:11  Assimilator  
  89  11:37  Stalker x2  
  89  11:38  Stalker x2  
  55  11:58  Probe  
  56  12:08  Probe  
  56  12:11  Fleet Beacon  
  56  12:13  Void Ray (Chrono Boost)  
  61  12:25  Mothership Core  
  63  12:33  Probe  
  68  12:56  Stargate  
  68  12:58  Pylon  
  68  13:01  Tempest (Chrono Boost)  
  70  13:07  Nexus  
  70  13:08  Stalker  
  70  13:09  Stalker x2  
  70  13:10  Stalker  
  77  13:25  Observer Gravitic Boosters  
  77  13:38  Tempest (Chrono Boost)  
  89  13:49  Tempest (Chrono Boost)  
  89  13:55  Pylon  
  89  14:00  Pylon  
  89  14:03  Pylon  
  89  14:15  Tempest (Chrono Boost)  
  95  14:22  Gravitic Drive  
  95  14:27  Stalker x2  
  95  14:28  Stalker  
  95  14:29  Stalker  
  109  14:32  Tempest (Chrono Boost)  
  109  14:33  Photon Cannon  
  109  14:36  Assimilator  
  109  14:39  Assimilator  
  109  14:52  Tempest (Chrono Boost)  
  115  15:08  Protoss Air Weapons Level 1  
  115  15:12  Probe  
  121  15:15  Tempest (Chrono Boost)  
  122  15:21  Stalker  
  122  15:22  Stalker x3  
  122  15:23  Probe  
  122  15:27  Protoss Shields Level 1  
  131  15:32  Observer  
  137  15:43  Tempest (Chrono Boost)  
  137  15:51  Observer  
  144  16:04  Stalker x3  
  144  16:05  Stalker  
  144  16:08  Tempest (Chrono Boost)  
  152  16:38  Nexus  
  152  16:39  Pylon  
  152  16:42  Pylon  
  152  16:45  Pylon  
  152  17:01  Stalker x4  
Show
View Real Time Build Order
Export as new Build Order

Bostonmaru Terran - Winner!

Build Orders: Reaper Expand 

Get SALT Encoding   

  12  0:01  SCV  
  13  0:14  SCV  
  14  0:18  Supply Depot  
  14  0:26  SCV  
  15  0:35  Refinery  
  15  0:40  SCV  
  16  0:47  Barracks  
  16  0:52  SCV  
  17  1:04  SCV  
  18  1:16  SCV  
  19  1:34  Reaper, Orbital Command  
  20  1:47  Command Center  
  20  1:56  Factory  
  20  2:00  SCV  
  21  2:07  Refinery  
  21  2:12  Supply Depot  
  21  2:15  Barracks Reactor  
  21  2:17  SCV  
  22  2:29  SCV  
  23  2:42  SCV  
  24  2:50  Widow Mine  
  26  2:51  Marine x2  
  28  2:58  Starport  
  28  3:02  Orbital Command  
  28  3:09  Marine  
  28  3:12  Marine  
  28  3:13  SCV  
  30  3:23  Widow Mine  
  30  3:26  SCV  
  30  3:27  Marine  
  33  3:29  SCV  
  33  3:30  Marine  
  36  3:37  Starport Tech Lab  
  36  3:38  SCV  
  37  3:44  Marine, SCV  
  37  3:48  Marine  
  39  3:50  Supply Depot  
  39  3:51  SCV  
  41  4:02  Marine  
  41  4:06  SCV  
  41  4:07  Starport Reactor, SCV  
  41  4:08  Command Center  
  44  4:13  Supply Depot  
  44  4:14  Siege Tank  
  47  4:19  SCV  
  47  4:20  SCV  
  48  4:31  Liberator  
  48  4:37  Starport, SCV  
  48  4:38  SCV  
  50  4:39  Fusion Core  
  50  4:41  Supply Depot  
  50  4:45  Refinery  
  50  4:47  Refinery  
  50  4:49  SCV  
  50  4:50  SCV  
  55  4:59  Engineering Bay  
  55  5:02  SCV  
  55  5:03  SCV  
  55  5:05  Supply Depot  
  57  5:14  SCV  
  58  5:15  SCV  
  58  5:16  Starport Tech Lab  
  58  5:20  Orbital Command  
  59  5:22  Siege Tank  
  59  5:26  SCV  
  63  5:32  Missile Turret  
  63  5:33  SCV  
  64  5:38  SCV  
  64  5:40  Marine x2  
  67  5:45  SCV  
  68  5:52  Battlecruiser  
  68  5:54  Orbital Command  
  68  5:55  Starport  
  74  6:03  Marine x2  
  76  6:05  SCV  
  76  6:06  SCV  
  76  6:11  Missile Turret  
  78  6:18  SCV  
  79  6:19  Armory, SCV  
  79  6:20  Armory  
  79  6:22  SCV  
  81  6:30  SCV  
  79  6:33  Sensor Tower, SCV  
  79  6:36  Bunker, Supply Depot  
  79  6:37  SCV  
  81  6:40  Missile Turret  
  81  6:42  SCV  
  81  6:43  Starport Tech Lab  
  81  6:45  SCV  
  83  6:48  Refinery  
  83  6:49  SCV  
  85  6:54  SCV  
  85  6:58  SCV  
  85  6:59  Supply Depot  
  85  7:01  Refinery  
  86  7:02  SCV  
  86  7:04  Battlecruiser  
  86  7:07  SCV  
  94  7:10  Supply Depot  
  94  7:16  SCV  
  94  7:22  SCV  
  96  7:24  SCV  
  96  7:27  Supply Depot  
  96  7:28  SCV  
  96  7:29  Command Center  
  98  7:32  Terran Vehicle And Ship Armor Level 1, Terran Ship Weapons Level 1  
  98  7:33  Battlecruiser  
  98  7:34  SCV  
  105  7:38  Supply Depot  
  105  7:39  SCV  
  105  7:41  SCV  
  105  7:43  Liberator x2  
  107  7:44  Supply Depot  
  107  7:48  SCV  
  107  7:50  Supply Depot  
  108  7:51  SCV  
  109  8:01  Command Center, SCV  
  116  8:24  Battlecruiser  
  122  8:31  Starport  
  122  8:53  Missile Turret  
  122  9:02  SCV x3  
  125  9:06  Planetary Fortress  
  125  9:11  Starport Tech Lab  
  125  9:14  SCV x2  
  125  9:15  SCV  
  125  9:16  Refinery x2  
  128  9:17  Missile Turret  
  128  9:23  Weapon Refit  
  128  9:26  Battlecruiser, SCV  
  128  9:30  Battlecruiser  
  128  9:31  Battlecruiser, SCV  
  148  9:34  SCV  
  149  9:38  SCV  
  149  9:39  Missile Turret  
  149  9:43  SCV  
  151  9:46  Supply Depot, SCV  
  151  9:47  Supply Depot  
  151  9:50  SCV  
  153  10:04  SCV  
  153  10:05  SCV x2  
  153  10:06  Terran Vehicle And Ship Armor Level 2, Terran Ship Weapons Level 2  
  156  10:22  Supply Depot  
  156  10:24  SCV  
  156  10:25  SCV  
  156  10:26  Refinery  
  156  10:27  Refinery, Viking x2  
  162  10:37  Battlecruiser x3  
  180  10:44  Orbital Command  
  180  11:11  Viking x2  
  180  11:12  SCV  
  180  11:15  SCV  
  186  11:18  Command Center  
  153  11:49  Supply Depot  
  153  12:14  Sensor Tower  
  153  12:25  Terran Vehicle And Ship Armor Level 3  
  153  12:26  Terran Ship Weapons Level 3  
  153  12:28  Battlecruiser x2  
  153  12:29  Battlecruiser  
  171  12:45  Sensor Tower  
  171  12:48  Corvid Reactor  
  171  13:05  Viking  
  171  13:06  Viking  
  171  13:08  Refinery, Planetary Fortress  
  171  13:10  Refinery  
  175  13:18  Missile Turret  
  175  13:37  Battlecruiser  
  175  13:38  Battlecruiser x2  
  175  13:39  Missile Turret  
  193  13:54  Hi-Sec Auto Tracking  
  190  14:00  Missile Turret  
  190  14:09  Command Center  
  190  14:11  Viking  
  190  14:12  Viking  
  194  14:23  Missile Turret  
  194  14:41  Raven  
  194  14:42  Raven x2  
  200  14:46  Command Center  
  180  15:19  Starport  
  180  15:21  Starport x2  
  179  15:24  Raven  
  179  15:25  Orbital Command  
  178  15:31  Raven x2  
  178  15:33  Viking x2  
  186  15:59  Starport Reactor x2  
  186  16:00  Refinery, Starport Tech Lab  
  186  16:01  Starport Tech Lab  
  186  16:05  Refinery  
  186  16:08  Refinery  
  186  16:10  Raven  
  188  16:12  Viking x2  
  192  16:27  Orbital Command  
Tags
 
Add a new tag
Caveats
  • Supply blocks, unpowered buildings, or Contaminate may cause inaccurate times.
  • Supply counts are checked every 10 seconds.